 Dungeon Crawl Stone Soup version 0.29.1-1-gd02db6906a (webtiles) character file.

Game seed: 9989119900683361844

3051 Earthwalker the Trooper (level 9, -1/81 HPs)
             Began as a Minotaur Fighter on Oct 15, 2022.
             Was a Believer of Okawaru.
             Slain by a scorpion (3 damage)
             ... summoned by Amaemon
             ... on level 7 of the Dungeon.
             The game lasted 00:13:15 (6276 turns).

Earthwalker the Trooper (Minotaur Fighter)          Turns: 6276, Time: 00:13:16

Health: -1/81      AC: 19    Str: 25    XL:     9   Next: 57%
Magic:  8/8        EV: 12    Int:  5    God:    Okawaru [**....]
Gold:   368        SH:  6    Dex: 10    Spells: 8/8 levels left

rFire   . . .      SeeInvis .   a - +2 trident (vorpal)
rCold   . . .      Faith    .   c - +1 buckler
rNeg    . . .      Spirit   .   h - +3 plate armour
rPois   .          Reflect  .   (helmet restricted)
rElec   .          Harm     .   (no cloak)
rCorr   .          Rampage  .   v - +2 pair of gloves
Will    .....                   (no boots)
Stlth   ..........              p - amulet of magic regeneration
HPRegen 0.23/turn               j - +4 ring of evasion
MPRegen 0.51/turn               z - ring of flight

@: flying
A: horns 2, retaliatory headbutt
a: Renounce Religion, Heroism


You were on level 7 of the Dungeon.
You worshipped Okawaru.
Okawaru was pleased with you.
You visited 2 branches of the dungeon, and saw 8 of its levels.
You also visited: Sewer.

You collected 368 gold pieces.

Inventory:

Hand Weapons
 a - a +2 vorpal trident (weapon)
Missiles
 m - a throwing net
 y - 40 poisoned darts (quivered)
 I - 4 boomerangs
 J - 3 boomerangs of dispersal
Armour
 b - a +0 scale mail
 c - a +1 buckler (worn)
 h - a +3 plate armour (worn)
 v - a +2 pair of gloves (worn)
Jewellery
 e - a ring of willpower
 j - a +4 ring of evasion (left hand)
 l - an amulet of guardian spirit
 n - a ring of protection from fire
 p - an amulet of magic regeneration (around neck)
 z - a ring of flight (right hand)
 A - a +4 ring of evasion
 B - a +4 ring of slaying
Wands
 E - a wand of iceblast (10)
 G - a wand of flame (18)
 H - a wand of light (4)
Scrolls
 f - a scroll of magic mapping {unknown}
 q - 2 scrolls of immolation
 r - a scroll of enchant weapon
 s - 2 scrolls of fear
 x - 2 scrolls of teleportation
 C - a scroll of poison {unknown}
 D - a scroll of vulnerability {unknown}
Potions
 d - a potion of might
 g - a potion of brilliance
 i - a potion of ambrosia
 k - 2 potions of curing
 o - a potion of lignification {unknown}
 t - a potion of haste {unknown}
 u - a potion of invisibility {unknown}
 w - 2 potions of heal wounds {unknown}
 F - a potion of flight {unknown}
 K - a potion of cancellation {unknown}


   Skills:
 * Level 7.8 Fighting
 * Level 7.3 Polearms
 * Level 7.7 Armour
 * Level 6.1 Dodging
 + Level 3.5 Stealth
 * Level 7.6 Shields


You had 8 spell levels left.
You didn't know any spells.
Your spell library contained the following spells:

 Spells                   Type           Power      Damage    Failure   Level
 Portal Projectile        Hex/Tloc       0%         N/A       100%        3
 Leda's Liquefaction      Hex/Erth       0%         N/A       100%        4
 Blade Hands              Tmut           0%         N/A       100%        5
 Irradiate                Conj/Tmut      0%         3d11      100%        5
 Dragon Form              Tmut           0%         N/A       100%        7
 Call Canine Familiar     Summ           Unusable   N/A       N/A         3

Dungeon Overview and Level Annotations

Branches:
Dungeon (8/15)             Temple (1/1) D:6           Sewer (visited)
   Lair: D:8-11

Altars:
Ashenzari
Cheibriados
Elyvilon
Fedhas
Hepliaklqana
Kikubaaqudgha
Makhleb
Okawaru
Qazlal
Ru
Sif Muna
Trog
Uskayaw
Vehumet
Wu Jian
Xom
Zin
The Shining One

Shops:
D:1 [   D:7 (

Annotations:
D:7 Amaemon


Innate Abilities, Weirdness & Mutations

You have a pair of horns on your head.
You reflexively headbutt those who attack you in melee.


Message History

Amaemon tail-slaps you.
You are more poisoned.
Amaemon poisons you!
You puncture Amaemon! Your headbutt misses Amaemon.
Amaemon is heavily wounded.
You feel extremely sick. Amaemon hits you but does no damage.
You are lethally poisoned!
Amaemon claws you but does no damage. You block Amaemon's attack.
You puncture Amaemon!
Amaemon is heavily wounded.
You feel extremely sick.
Amaemon hits you with a -1 demon whip of venom!
* * * LOW HITPOINT WARNING * * *
You are more poisoned.
Amaemon misses you.
Amaemon tail-slaps you but does no damage.
You barely miss Amaemon.
Amaemon is heavily wounded.
* * * LOW HITPOINT WARNING * * *
You feel extremely sick.
Amaemon casts a spell.
Okay, then.
You feel better. Amaemon barely misses you. Amaemon misses you.
Amaemon tail-slaps you but does no damage.
The scorpion barely misses you.
You hit Amaemon.
Amaemon is severely wounded.
Amaemon hits you with a -1 demon whip of venom!
* * * LOW HITPOINT WARNING * * *
Amaemon claws you!
* * * LOW HITPOINT WARNING * * *
You block Amaemon's attack. The scorpion closely misses you.
You furiously retaliate!
You headbutt the scorpion. The scorpion barely misses you.
The scorpion completely misses you.
You closely miss Amaemon.
Amaemon is severely wounded.
Amaemon gestures at the scorpion while chanting.
The scorpion seems to grow toxic.
The scorpion stings you.
You die...

#.# # #.# # #.# #
#.################ #
#.#..............# ##
#.#.######..####.#
.#####.#.# #..# #.#
.....#.#.# ####6s####.#
.###.....###...s@...#.#
.# #...........)s##.#.#
.###....###...##......#
..............#####.###
.....#.####...# ###.#
######.# ##### #...#
##+## #.### ##...## #.#
##.....## ##.#


You could see Amaemon and 3 scorpions.

Vanquished Creatures
  A two-headed ogre (D:7)
  Sigmund (D:2)
  A steam dragon (D:8)
  A black bear (D:6)
  2 ice beasts (D:6)
  An orc warrior (D:7)
  2 ogres (D:6)
  A phantom (D:4)
  5 kobold brigands (Sewer)
  3 bullfrogs
  2 scorpions
  2 necrophages
  3 wights (D:8)
  Crazy Yiuf (D:2)
  2 jellies
  2 hounds
  2 gnoll boudas
  An iguana (D:4)
  Terence (D:2)
  An orc wizard (D:6)
  8 gnolls
  8 adders
  4 river rats
  An ufetubus (D:4)
  9 worms
  4 dart slugs
  12 orcs
  20 endoplasms
  5 giant cockroaches
  2 goblins
  11 hobgoblins
  6 jackals
  4 quokkas
  11 ball pythons
  6 bats
  A frilled lizard (D:2)
  12 kobolds
  12 rats
171 creatures vanquished.

Notes
Turn   | Place    | Note
-------+----------+-------------------------------------------
     0 | D:1      | Earthwalker the Minotaur Fighter began the quest for the
                  | Orb.
     0 | D:1      | Reached XP level 1. HP: 19/19 MP: 0/0
   118 | D:1      | Found a faded altar of an unknown god.
   163 | D:1      | Reached XP level 2. HP: 27/27 MP: 1/1
   431 | D:1      | Found Amnytag's Armour Boutique.
   439 | D:1      | Reached skill level 1 in Dodging
   526 | D:1      | Reached XP level 3. HP: 33/33 MP: 2/2
   793 | D:2      | Noticed Sigmund
   804 | D:2      | Killed Sigmund
   805 | D:2      | Reached skill level 1 in Stealth
   805 | D:2      | Reached XP level 4. HP: 15/41 MP: 3/3
   805 | D:2      | Reached XP level 5. HP: 17/47 MP: 4/4
  1142 | D:2      | Noticed Terence
  1146 | D:2      | Killed Terence
  1221 | D:2      | Found a runed translucent door.
  1222 | D:2      | Noticed Crazy Yiuf
  1521 | D:2      | Killed Crazy Yiuf
  1522 | D:2      | Reached XP level 6. HP: 29/55 MP: 5/5
  1930 | D:3      | Found a snail-covered altar of Cheibriados.
  1932 | D:3      | Found a hide-covered altar of Uskayaw.
  2080 | D:3      | Found a shimmering altar of Xom.
  2132 | D:3      | Found a broken altar of Ashenzari.
  2422 | D:4      | Found a blossoming altar of Fedhas.
  2431 | D:4      | Found a stormy altar of Qazlal.
  2478 | D:4      | Reached skill level 5 in Fighting
  2946 | D:4      | Reached skill level 5 in Armour
  2982 | D:4      | Reached skill level 5 in Shields
  3002 | D:4      | Reached XP level 7. HP: 58/61 MP: 6/6
  3219 | D:4      | You fall into a shaft and drop 2 floors!
  3232 | D:6      | Reached skill level 5 in Polearms
  3326 | D:6      | Found a glowing drain.
  3334 | Sewer    | Entered a sewer
  3514 | Sewer    | Reached XP level 8. HP: 52/70 MP: 7/7
  4185 | D:6      | Found a staircase to the Ecumenical Temple.
  4192 | Temple   | Entered the Ecumenical Temple
  4268 | Temple   | Became a worshipper of Warmaster Okawaru
  5015 | D:6      | Reached skill level 5 in Dodging
  5621 | D:7      | Found Qeodas's Antique Weapon Shoppe.
  5662 | D:7      | Reached * piety under Okawaru
  5663 | D:7      | Reached XP level 9. HP: 59/79 MP: 8/8
  6227 | D:8      | Found a glowing golden altar of the Shining One.
  6228 | D:8      | Noticed an orange demon
  6229 | D:8      | Noticed Amaemon
  6231 | D:8      | Noticed a two-headed ogre
  6255 | D:7      | Killed a two-headed ogre
  6255 | D:7      | Reached ** piety under Okawaru
  6275 | D:7      | HP: 2/81 [Amaemon/-1 demon whip of venom (8)]
  6276 | D:7      | Slain by a scorpion

Illustrated notes

Levels and vault maps discovered:
D:1:      saegor_arrival_fortress, layout_rooms,
          hellmonk_ecumenical_altar_run_dry, serial_shops,
          nicolae_shop_statue_plus, grunt_decor_one_mirror, minmay_hexomino_f4
D:2:      layout_basic, minmay_misc_feat_five, corner_web_ring, uniq_sigmund,
          uniq_terence, uniq_crazy_yiuf_cottage
D:3:      layout_loops_ring, mainiacjoe_overflow_surrounded_room,
          mainiacjoe_overflow_alcove_1, nicolae_overflow_hidden_temple
D:4:      cheibrodos_barr_body, layout_basic,
          grunt_temple_overflow_forces_of_nature,
          yredelemnul_forgotten_temple_becter, minmay_misc_feat_diagonals,
          minmay_misc_feat_cross
D:6:      layout_loops_corners, minmay_temple_entry_slanted,
          lightli_sewer_entry_pipes, minmay_holes
D:7:      layout_loops_corners, serial_shops, nicolae_shop_statue_plus
D:8:      layout_basic, lemuel_crystal_altar, grunt_gozag_statues,
          dk_noncrumbling_4, minmay_quadrilaterals, uniq_amaemon, uniq_grum
Temple:   nicolae_temple_bog_church

Skill      XL: |  1  2  3  4  5  6  7  8  9 |
---------------+----------------------------+-----
Dodging        | 1 2 3 4 5 6 |  6.1
Fighting       | 4 5 6 7 |  7.8
Polearms       | 3 4 5 6 7 |  7.3
Armour         | 4 5 7 |  7.7
Stealth        | 1 2 3 |  3.5
Shields        | 4 5 6 7 |  7.6

Action                   |  1- 3 |  4- 6 |  7- 9 || total
-------------------------+-------+-------+-------++-------
Melee: Trident           |    55 |   144 |   270 ||   469
       Headbutt          |     9 |    15 |    41 ||    65
Throw: Dart              |       |       |     4 ||     4
  Use: Scroll            |     7 |     1 |     7 ||    15
       Potion            |       |       |     1 ||     1
Armor: Scale mail        |    20 |     8 |       ||    28
       Plate armour      |       |    32 |    92 ||   124
Dodge: Dodged            |    16 |    49 |    90 ||   155
Block: Buckler           |     3 |    25 |    65 ||    93
